 Dungeon Crawl Stone Soup version 0.31-a0-167-g1c394c0614 (webtiles) character file.

Game seed: 1739032912442611069

397 qw the Shooter (level 6, -4/40 HPs)
             Began as a Gargoyle Hunter on June 14, 2023.
             Slain by an ogre
             ... wielding a +0 giant spiked club
              (21 damage)
             ... on level 5 of the Dungeon.
             The game lasted 00:01:05 (2490 turns).

qw the Shooter (Gargoyle Hunter)                    Turns: 2490, Time: 00:01:06

Health: -4/40      AC:  9    Str: 15    XL:     6   Next: 83%
Magic:  6/6        EV: 12    Int:  9    God:
Gold:   109        SH:  0    Dex: 15    Spells: 5/5 levels left

rFire   + . .        Y - +0 shortbow
rCold   + . .        (shield currently unavailable)
rNeg    + . .        f - +2 robe {rC+ rF+}
rPois   inf          d - +0 helmet
rElec   +            (no cloak)
rCorr   .            (no gloves)
SInv    .            (no boots)
Will    .....        (no amulet)
Stlth   ++           (no ring)
HPRegen 0.26/turn    (no ring)
MPRegen 0.10/turn

%: no passive effects
@: no status effects
A: sickness immunity, AC +4, negative energy resistance 1, electricity
resistance, torment resistance 1, petrification resistance
a: no special abilities


You were on level 5 of the Dungeon.
You visited 1 branch of the dungeon, and saw 5 of its levels.

You collected 109 gold pieces.


Innate Abilities, Weirdness & Mutations

You are immune to sickness and miasma.
Your stone body is resilient. (AC +4)
You are immune to poison.
You resist negative energy. (rN+)
You are resistant to electric shocks. (rElec)
You are resistant to unholy torment.
You are immune to petrification.


   Skills:
 - Level 4.8 Fighting
 + Level 6.8 Ranged Weapons
 - Level 1.5 Dodging
 - Level 1.1 Stealth


You had 5 spell levels left.
You didn't know any spells.
Your spell library was empty.

Inventory:

Hand Weapons
 Y - a +0 shortbow (weapon)
Armour
 b - a +1 leather armour of willpower
 d - a +0 helmet (worn)
 f - a +2 robe of resistance (worn)
Scrolls
 a - a scroll of teleportation
 c - a scroll of identify
Potions
 e - a potion of haste {unknown}
 g - a potion of berserk rage {unknown}

Dungeon Overview and Level Annotations

Branches:
Dungeon (4/15)
 Temple: D:4-7

Altars:


Message History

You start resting.
HP restored.
Found a ring mail.
You see here a +0 ring mail.
Found 6 javelins.
An orc wizard comes into view. It is wielding a +0 dagger.
You see here 6 javelins.
You shoot an arrow.
The arrow hits the orc wizard but does no damage.
The orc wizard shouts!
You hear a shout! x3
The orc wizard gestures at you while chanting.
The puff of flame hits you but does no damage.
An orc wizard comes into view. It is wielding a +0 dagger.
You shoot an arrow.
The arrow closely misses the orc wizard.
An ogre comes into view. It is wielding a +0 giant spiked club.
You shoot an arrow. The arrow hits the ogre.
The ogre is lightly wounded.
You shoot an arrow. The arrow barely misses the ogre.
The arrow hits the orc wizard.
The orc wizard is heavily wounded.
The ogre hits you with a +0 giant spiked club!!
Ouch! That really hurt!
An orc comes into view. It is wielding a +0 dagger.
You shoot an arrow. The orc shouts!
The arrow hits the ogre!
The ogre is heavily wounded.
An orc wizard comes into view. It is wielding a +0 dagger.
You shoot an arrow.
The arrow hits the ogre but does no damage.
The ogre is heavily wounded.
The ogre closely misses you.
An orc comes into view. It is wielding a +0 falchion.
You shoot an arrow. The arrow hits the ogre!
The ogre is severely wounded.
The ogre hits you with a +0 giant spiked club!!
Ouch! That really hurt!
You die...

..####### o..o#
#o..# ##...#
....### .....#
oo#.# #O#.#
#@#.#
#.#.###########
#..#..........#
###.#########.#
#.# #.# #.# #.#
#.# #.# #.# #[#
#.# #.#


You could see an ogre, 3 orc wizards and 2 orcs.

Vanquished Creatures
  Eustachio (D:3)
  An ogre (D:5)
  A howler monkey (D:4)
  4 gnolls (D:3)
  3 adders
  A white imp (D:5)
  6 orcs
  6 ball pythons
  7 endoplasms
  4 giant cockroaches
  7 goblins
  9 hobgoblins
  6 quokkas
  3 bats
  3 frilled lizards
  3 kobolds
  3 rats (D:1)
68 creatures vanquished.

Notes
Turn   | Place    | Note
-------+----------+-------------------------------------------
     0 | D:1      | qw the Gargoyle Hunter began the quest for the Orb.
     0 | D:1      | Reached XP level 1. HP: 12/12 MP: 1/1
     0 | D:1      | 0 ||| qw: Version: 0.2-a-29-g1fa15c8
     0 | D:1      | 0 ||| qw: Game counter: 4863
     0 | D:1      | 0 ||| qw: Always use a shield: true
     0 | D:1      | 0 ||| qw: God list: Okawaru
     0 | D:1      | 0 ||| qw: Allow faded altars: false
     0 | D:1      | 0 ||| qw: Do Orc after D:15 true
     0 | D:1      | 0 ||| qw: Do second Lair branch before Depths: true
     0 | D:1      | 0 ||| qw: Lair rune preference: random
     0 | D:1      | 0 ||| qw: Plans: Normal, Zot:1-4, Slime:5, God:TSO, Crypt,
                  | Tomb, Abyss, Pan, Hells, Win
     0 | D:1      | 0 ||| PLANNING D:1-11
   135 | D:1      | Reached XP level 2. HP: 17/17 MP: 2/2
   596 | D:1      | Reached XP level 3. HP: 18/21 MP: 3/3
   749 | D:1      | Reached skill level 5 in Ranged Weapons
  1025 | D:1      | 1025 ||| UPGRADING to +0 helmet.
  1030 | D:1      | 1030 ||| UPGRADING to +2 robe of resistance.
  1040 | D:1      | 1040 ||| DROPPING +0 leather armour.
  1041 | D:1      | 1041 ||| READING scroll labelled XOL DOOPLERRECW.
  1044 | D:1      | 1044 ||| READING scroll labelled CAEHUU BIOTUL.
  1045 | D:1      | 1045 ||| DROPPING scroll of butterflies.
  1245 | D:2      | Reached skill level 3 in Fighting
  1347 | D:2      | 1347 ||| READING scroll labelled ICI OPUVUTORIP.
  1348 | D:2      | 1348 ||| READING scroll labelled XOJI NIBRAZE.
  1349 | D:2      | 1349 ||| READING scroll labelled XUFAMAI VAASHEU.
  1434 | D:3      | Found a faded altar of an unknown god.
  1438 | D:3      | Reached XP level 4. HP: 28/28 MP: 4/4
  1490 | D:3      | 1490 ||| Stepping ~*~*~tactically~*~*~ (outnumbered).
  1952 | D:3      | Reached XP level 5. HP: 29/32 MP: 5/5
  2085 | D:3      | 2085 ||| READING 2 scrolls labelled JUMOLUUPSA.
  2086 | D:3      | 2086 ||| READING 2 scrolls labelled ZAFIUT TIDIXE.
  2087 | D:3      | 2087 ||| DROPPING scroll of fear.
  2107 | D:4      | Noticed Eustachio
  2118 | D:4      | Reached skill level 6 in Ranged Weapons
  2130 | D:4      | 2130 ||| Stepping ~*~*~tactically~*~*~ (outnumbered).
  2141 | D:4      | 2141 ||| FLEEEEING.
  2142 | D:4      | 2142 ||| FLEEEEING.
  2155 | D:4      | 2155 ||| FLEEEEING.
  2156 | D:4      | 2156 ||| STAIRDANCE
  2194 | D:4      | 2194 ||| STAIRDANCE
  2226 | D:4      | 2226 ||| STAIRDANCE
  2229 | D:3      | Killed Eustachio
  2230 | D:3      | Reached XP level 6. HP: 36/40 MP: 6/6
  2284 | D:4      | You fall into a shaft and drop 1 floor!
  2284 | D:5      | Entered Level 5 of the Dungeon
  2490 | D:5      | Slain by an ogre

Levels and vault maps discovered:
D:1:      lightli_arrival_lavapool, layout_basic, nicolae_titane
D:2:      layout_rooms
D:3:      layout_basic, hellmonk_ecumenical_altar_blasted
D:4:      cheibrodos_greedy_goblins, layout_basic,
          nicolae_overflow_hidden_temple, uniq_eustachio, uniq_duvessa
D:5:      layout_loops_ring, dk_yredelemnul_ordeal

Skill      XL: |  1  2  3  4  5 |
---------------+----------------+-----
Ranged Weapons | 5 6 |  6.8
Fighting       | 3 4 |  4.8
Dodging        | |  1.5
Stealth        | |  1.1

Action                     |  1- 3 |  4- 6 || total
---------------------------+-------+-------++-------
   Fire: Shortbow          |   122 |   152 ||   274
    Use: Scroll            |     5 |     2 ||     7
 Armour: Leather armour    |     8 |       ||     8
         Robe              |     2 |    47 ||    49
  Dodge: Dodged            |    14 |    79 ||    93

Table legend:
 A = Non-vault XP
 B = Vault XP
 C = Vault XP percentage of total XP
 D = Non-vault monster count
 E = Vault monster count
 F = Vault count percentage of total count
                 A         B        C        D         E       F
            +---------+---------+-------+---------+---------+-------
      Total |     386 |     182 |  32.0 |      67 |       1 |   1.5
            +---------+---------+-------+---------+---------+-------
        D:1 |      46 |       0 |   0.0 |      27 |       0 |   0.0
        D:2 |      27 |       0 |   0.0 |      15 |       0 |   0.0
        D:3 |      98 |     182 |  65.0 |      18 |       1 |   5.3
        D:4 |      70 |       0 |   0.0 |       3 |       0 |   0.0
        D:5 |     145 |       0 |   0.0 |       4 |       0 |   0.0
            +---------+---------+-------+---------+---------+-------
